 Dungeon Crawl Stone Soup version 0.18.1-48-g4cf74bf (webtiles) character file.

669 QuiMoritur the Ducker (level 7, 0/70 HPs)
             Began as a Troll Chaos Knight on June 29, 2016.
             Was a Follower of Pakellas.
             Slain by an ogre
             ... wielding a cursed -1 giant club
              (27 damage)
             ... on level 8 of the Dungeon.
             The game lasted 00:29:35 (3475 turns).

QuiMoritur the Ducker (Troll Chaos Knight)          Turns: 3475, Time: 00:29:35

Health: 0/70       AC:  7    Str: 23      XL:     7   Next: 32%
Magic:  6/6        EV: 13    Int:  8      God:    Pakellas [*.....]
Gold:   176        SH:  0    Dex:  6 (9)  Spells: 0 memorised, 6 levels left

rFire  . . .     SeeInvis .     a - +0 mace (chaos)
rCold  . . .     Gourm    +     b - +2 robe
rNeg   . . .     Faith    .     (no shield)
rPois  .         Spirit   .     (helmet restricted)
rElec  .         Dismiss  .     (no cloak)
rCorr  .         Reflect  .     (gloves unavailable)
SustAt .         Harm     .     (boots unavailable)
MR     .....                    (no amulet)
Stlth  +.........               (no ring)
                                I - +3 ring of evasion

@: not resistant to hostile enchantments, very unstealthy
A: unfitting armour, claws 3, deterioration 2, fast metabolism 3, gourmand,
regeneration 2, shaggy fur 1, tough skin 2
a: Quick Charge, Renounce Religion


You were on level 8 of the Dungeon.
You worshipped Pakellas.
Pakellas was aware of your devotion.
You were not hungry.

You visited 1 branch of the dungeon, and saw 8 of its levels.

You collected 231 gold pieces.
You spent 55 gold pieces at shops.

Inventory:

Hand Weapons
 a - a +0 mace of chaos (weapon)
 g - a +1 hunting sling
 l - a +0 dagger
 m - a +0 hunting sling
 u - a cursed +0 falchion
 v - a +0 whip
 y - a +4 short sword
 A - a +0 war axe
 B - a +0 hand axe
 C - a +0 trident
 H - a +0 quarterstaff
 J - a +0 falchion
 K - a +2 mace of holy wrath
 L - a +0 shortbow
 M - a +0 trident
Missiles
 f - 34 sling bullets
 h - 41 bolts
 k - 21 poisoned needles
 p - 81 arrows
 z - 38 stones (quivered)
Armour
 b - a +2 robe (worn)
 j - a +0 scale mail
 o - a +0 ring mail
 r - a +0 ring mail
 w - a +0 helmet
 x - a +0 robe
 D - a cursed +0 robe
 G - a +0 robe
 N - a +2 ring mail of fire resistance
Jewellery
 I - a +3 ring of evasion (left claw)
Wands
 P - a wand of flame (22/48)
Scrolls
 d - 3 scrolls of enchant weapon
 e - 3 scrolls of remove curse
 s - 3 scrolls of identify
 t - a scroll of magic mapping {unknown}
Potions
 i - 2 potions of heal wounds
 E - a potion of haste {unknown}
 F - 2 potions of lignification {unknown}
 Q - a potion of resistance {unknown}
 R - a potion of flight {unknown}
Miscellaneous
 O - a sack of spiders
Comestibles
 c - a bread ration
 n - 2 fruits


   Skills:
 + Level 4.0 Fighting
 + Level 4.2 Maces & Flails
 + Level 0.2 Slings
 + Level 0.3(0.4) Throwing
 + Level 5.0 Dodging
 + Level 1.0 Stealth


You had 6 spell levels left.
You didn't know any spells.

Dungeon Overview and Level Annotations

Branches:
Dungeon (8/15)             Temple (0/1) D:5
   Lair: D:8-11

Altars:
Pakellas
Ru
Vehumet
Xom

Shops:
D:4 !

Annotations:
D:5 Implojin's ghost, novice MiFi


Innate Abilities, Weirdness & Mutations

You are too large for most types of armour.
You have claws for hands.
Your metabolism is lightning-fast.
You like to eat raw meat.
You heal very quickly.
You are covered in fur (AC +1).
You have very tough skin (AC +2).
Your body often deteriorates upon taking damage.


Message History

The ogre is moderately wounded.
The ogre misses you.
You hit the ogre but do no damage.
The ogre is moderately wounded.
The ogre barely misses you.
You barely miss the ogre.
The ogre is moderately wounded.
The ogre barely misses you.
You thump the ogre!
The ogre is severely wounded.
The ogre hits you with a giant club!!
Your body deteriorates!
You feel clumsy.
You hit the ogre.
The ogre seems to speed up.
The ogre is almost dead.
The ogre barely misses you.
You closely miss the ogre.
The ogre is almost dead.
The ogre barely misses you. The ogre hits you with a giant club!!
You die...
Pakellas says: Time to find a new assistant...

#.# #.#
#.# #.#
#.# #.#
#O# #@#
#.# #.#
#.#
#######
#.#
#....<#
#.#
#.#####
#.# #.#
#)# #.#
#.# #.#


You could see an ogre.

Vanquished Creatures
  A centaur (D:6)
  Blork the orc (D:5)
  A giant frog (D:6)
  3 scorpions
  2 orc wizards
  A hound (D:7)
  A worker ant (D:7)
  5 adders
  A shadow imp (D:8)
  An ooze (D:3)
  An adder skeleton (D:3)
  4 worms
  A giant gecko (D:3)
  8 orcs
  2 giant cockroaches
  7 goblins
  6 hobgoblins
  2 jackals (D:1)
  3 quokkas
  A ball python (D:4)
  3 bats
  A giant gecko zombie (D:7)
  A giant newt (D:2)
  6 kobolds
  4 rats
67 creatures vanquished.

Vanquished Creatures (others)
  An orange crystal statue (D:3)
  An ogre (D:5)
  A rat (D:3)
3 creatures vanquished.

Grand Total: 70 creatures vanquished

Notes
Turn   | Place    | Note
--------------------------------------------------------------
     0 | D:1      | QuiMoritur the Troll Chaos Knight began the quest for the Orb.
     0 | D:1      | Reached XP level 1. HP: 22/22 MP: 0/0
    90 | D:1      | XOM: harmless Conj miscast
   120 | D:1      | Reached skill level 2 in Dodging
   197 | D:1      | Reached XP level 2. HP: 26/29 MP: 1/1
   290 | D:2      | XOM: scenery: create altars
   318 | D:2      | XOM: divination: detect creatures
   371 | D:2      | XOM: silly message
   412 | D:2      | XOM: confuse monster(s)
   438 | D:2      | Reached XP level 3. HP: 36/36 MP: 2/2
   664 | D:1      | XOM: 4-stop teleportation journey
   707 | D:1      | You fall through a shaft!
   718 | D:2      | XOM: smoke on damage
   813 | D:2      | XOM: vitrification
   834 | D:2      | XOM: mild Air miscast
   899 | D:2      | Reached XP level 4. HP: 45/45 MP: 3/3
   928 | D:2      | Reached skill level 3 in Dodging
  1044 | D:3      | XOM: summons friendly crimson imp
  1150 | D:3      | Found an oddly glowing altar of Pakellas.
  1150 | D:3      | Noticed an orange crystal statue
  1151 | D:3      | Noticed a troll
  1163 | D:3      | Fell from the grace of Xom
  1163 | D:3      | Became a worshipper of Pakellas the Inventive
  1166 | D:3      | Killed an orange crystal statue
  1396 | D:3      | XOM: give mutations
  1396 | D:3      | Gained mutation: Your body sometimes deteriorates upon taking damage. [Xom's mischief]
  1396 | D:3      | Gained mutation: Your body often deteriorates upon taking damage. [Xom's mischief]
  1488 | D:4      | XOM: 3-stop teleportation journey
  1564 | D:4      | Found a sacrificial altar of Ru.
  1630 | D:4      | Reached XP level 5. HP: 38/53 MP: 4/4
  1831 | D:4      | Found Nuesk's Distillery.
  1834 | D:4      | Bought a potion of heal wounds for 55 gold pieces
  2370 | D:5      | Entered Level 5 of the Dungeon
  2588 | D:5      | Noticed an ogre
  2596 | D:5      | Banished an ogre
  2596 | D:5      | Reached skill level 4 in Dodging
  2596 | D:5      | Reached XP level 6. HP: 37/61 MP: 5/5
  2634 | D:5      | Found a staircase to the Ecumenical Temple.
  2635 | D:5      | Noticed Blork the orc
  2644 | D:5      | Killed Blork the orc
  2654 | D:5      | Noticed Implojin's ghost (novice MiFi)
  2775 | D:6      | XOM: god gift: sack of spiders
  2921 | D:6      | Reached XP level 7. HP: 42/68 MP: 6/6
  3048 | D:7      | Reached skill level 1 in Stealth
  3167 | D:8      | Noticed a hippogriff
  3194 | D:7      | Found a radiant altar of Vehumet.
  3284 | D:7      | Reached * piety under Pakellas
  3284 | D:7      | Received a gift from Pakellas
  3284 | D:7      | Reached skill level 5 in Dodging
  3475 | D:8      | Slain by an ogre

Skill      XL: |  1  2  3  4  5  6  7 |
---------------+----------------------+-----
Dodging        | 2 3 4 5 |  5.0
Maces & Flails | 3 4 |  4.2
Fighting       | 3 4 |  4.0
Stealth        | 1 |  1.0
Slings         | |  0.2
Throwing       | |  0.3

Action                   |  1- 3 |  4- 6 |  7- 9 || total
-------------------------+-------+-------+-------++-------
Melee: Mace              |   117 |   130 |    59 ||   306
 Fire: Hunting sling     |       |     5 |     1 ||     6
Throw: Stone             |       |     1 |     2 ||     3
Evoke: Wand              |       |     3 |       ||     3
  Use: Scroll            |       |       |     4 ||     4
 Stab: Sleeping          |     1 |       |       ||     1
  Eat: Bread ration      |     1 |     1 |     1 ||     3
       Beef jerky        |       |     5 |       ||     5
       Meat ration       |       |     1 |       ||     1
       Pizza             |       |     1 |       ||     1
       Fruit             |       |     2 |     1 ||     3
Armor: Robe              |    71 |    47 |    36 ||   154
Dodge: Dodged            |    85 |    82 |    81 ||   248
